 Seeded DCSS version 0.29-a0-375-g5102b3be25 (webtiles) character file.

Game seed: 13605594255664981076 (custom seed)

2778 thiscave3701365 the Severer (level 9, -9/70 HPs)
             Began as a Minotaur Berserker on May 3, 2022.
             Was a Believer of Trog.
             Mangled by a vampire mosquito (10 damage)
             ... on level 7 of the Dungeon.
             The game lasted 00:07:57 (9141 turns).

thiscave3701365 the Severer (Minotaur Berserker)    Turns: 9141, Time: 00:08:00

Health: -9/70      AC: 12    Str: 27    XL:     9   Next: 42%
Magic:  8/8        EV:  7    Int:  4    God:    Trog [**....]
Gold:   266        SH:  0    Dex:  9    Spells: 8/8 levels left

rFire   . . .      SeeInvis .   a - +0 hand axe
rCold   . . .      Faith    .   (no shield)
rNeg    . . .      Spirit   .   i - +0 plate armour
rPois   .          Reflect  .   (helmet restricted)
rElec   .          Harm     .   x - +0 cloak
rCorr   .          Rampage  .   (no gloves)
Will    .....                   (no boots)
Stlth   ..........              (no amulet)
HPRegen 0.21/turn               (no ring)
MPRegen 0.11/turn               (no ring)

@: marked, on berserk cooldown, slowed, very slow
A: horns 2, retaliatory headbutt
a: Renounce Religion, Berserk, Trog's Hand


You were on level 7 of the Dungeon.
You worshipped Trog.
Trog was pleased with you.
You visited 1 branch of the dungeon, and saw 7 of its levels.

You collected 266 gold pieces.

Inventory:

Hand Weapons
 a - a +0 hand axe (weapon)
Armour
 i - a +0 plate armour (worn)
 x - a +0 cloak (worn)
Wands
 q - a wand of digging (3)
 r - a wand of charming (10)
 t - a wand of polymorph (4)
Scrolls
 b - 3 scrolls of vulnerability {unknown}
 d - a scroll of immolation {unknown}
 e - 7 scrolls of identify {unknown}
 g - a scroll of blinking {unknown}
 h - a scroll of fog {unknown}
 j - 2 scrolls of poison {unknown}
 m - a scroll of torment {unknown}
 o - 2 scrolls of teleportation {unknown}
 s - a scroll of fear {unknown}
 u - a scroll of noise {unknown}
Potions
 c - a potion of brilliance {unknown}
 f - a potion of haste {unknown}
 k - a potion of might {unknown}
 l - a potion of ambrosia {unknown}
 n - a potion of heal wounds {unknown}
 p - 3 potions of mutation {unknown}
 v - a potion of lignification {unknown}
 w - a potion of curing {unknown}


   Skills:
 - Level 3.6 Fighting
 + Level 15.5 Axes
 - Level 2.4 Armour
 - Level 2.1 Dodging


You had 8 spell levels left.
You didn't know any spells.
Your spell library was empty.

Dungeon Overview and Level Annotations

Branches:
Dungeon (7/15)             Temple (0/1) D:4

Altars:
Ashenzari
Cheibriados
Gozag
Makhleb
Nemelex Xobeh
Okawaru
Uskayaw

Shops:
D:6 !


Innate Abilities, Weirdness & Mutations

You have a pair of horns on your head.
You reflexively headbutt those who attack you in melee.


Message History

Trog accepts your kill.
You hit the white imp but do no damage. The white imp spits at you.
The white imp gestures at you.
The puff of frost hits you but does no damage.
You hit the ice beast.
The ice beast is lightly wounded.
You hit the white imp.
A vampire mosquito comes into view.
A gnoll comes into view. It is wielding a +0 spear.
The ice beast hits you. The ice beast freezes you! The white imp hits you.
The white imp freezes you.
An orc comes into view. It is wielding a +0 short sword.
You are too injured to fight recklessly!
You are too injured to fight recklessly!
Unknown command.
The white imp hits you but does no damage.
The white imp attacks as you move away!
The white imp hits you but does no damage.
The ice beast attacks as you move away!
The ice beast hits you but does no damage.
A gnoll shaman comes into view. It is wielding a +0 whip.
A gnoll comes into view. It is wielding a +0 club.
The ice beast hits you but does no damage.
The white imp gestures at you. The puff of frost hits you!
* * * LOW HITPOINT WARNING * * *
The vampire mosquito bites you but does no damage.
The vampire mosquito bites you but does no damage.
The vampire mosquito bites you!
* * * LOW HITPOINT WARNING * * *
The vampire mosquito draws strength from your injuries!
A gnoll comes into view. It is wielding a +0 spear. x2
The ice beast attacks as you move away!
The ice beast hits you but does no damage.
The vampire mosquito bites you!
* * * LOW HITPOINT WARNING * * *
The vampire mosquito draws strength from your injuries!
The vampire mosquito bites you!
You die...

....###....
##+#........g.
#.....o.....g.
#....)))..g...
##.........g...
.......5..g....
..#....5......#
.......yY.....#
.......@.......
...........###.
.......###.#
....... ..#
....... #...
####### ....
###


You could see a vampire mosquito, an ice beast, a gnoll shaman, 4 gnolls, 2
white imps and an orc.

Vanquished Creatures
  A cyclops (D:6)
  A troll (D:7)
  A hornet (D:6)
  2 water moccasins (D:6)
  2 ice beasts
  2 black bears
  3 ogres
  3 phantoms
  A kobold brigand (D:7)
  2 necrophages (D:5)
  2 scorpions (D:6)
  A hound (D:5)
  2 orc priests (D:4)
  A jelly (D:6)
  A gnoll shaman (D:5)
  An iguana (D:3)
  4 orc wizards
  12 gnolls
  9 adders
  2 ufetubi
  A worm (D:5)
  26 orcs
  3 endoplasms
  3 giant cockroaches
  7 goblins
  2 hobgoblins
  3 jackals (D:1)
  A quokka (D:4)
  8 ball pythons
  A bat (D:3)
  3 frilled lizards
  7 kobolds
  7 rats
125 creatures vanquished.

Notes
Turn   | Place    | Note
-------+----------+-------------------------------------------
     0 | D:1      | thiscave3701365 the Minotaur Berserker began the quest for
                  | the Orb.
     0 | D:1      | Reached XP level 1. HP: 19/19 MP: 0/0
   134 | D:1      | Reached skill level 4 in Axes
   363 | D:1      | Found a faded altar of an unknown god.
   439 | D:1      | Reached XP level 2. HP: 26/26 MP: 1/1
  1559 | D:2      | Reached skill level 5 in Axes
  1559 | D:2      | Reached XP level 3. HP: 31/31 MP: 2/2
  1713 | D:2      | Reached XP level 4. HP: 39/39 MP: 3/3
  1722 | D:2      | Reached skill level 6 in Axes
  1792 | D:2      | Reached ** piety under Trog
  1944 | D:2      | You fall into a shaft and drop 1 floor!
  2240 | D:3      | Reached skill level 7 in Axes
  2240 | D:3      | Reached XP level 5. HP: 24/45 MP: 4/4
  2766 | D:3      | Found a hide-covered altar of Uskayaw.
  2767 | D:3      | Found a burning altar of Makhleb.
  3630 | D:4      | Noticed an ogre
  3635 | D:4      | Killed an ogre
  3636 | D:4      | Reached skill level 8 in Axes
  3636 | D:4      | Reached XP level 6. HP: 51/51 MP: 5/5
  3765 | D:4      | Found an opulent altar of Gozag.
  3765 | D:4      | Found a sparkling altar of Nemelex Xobeh.
  3843 | D:4      | Found a staircase to the Ecumenical Temple.
  4530 | D:4      | Found an iron altar of Okawaru.
  4629 | D:4      | Found a snail-covered altar of Cheibriados.
  4888 | D:4      | Reached skill level 9 in Axes
  5287 | D:5      | Entered Level 5 of the Dungeon
  5474 | D:5      | Reached XP level 7. HP: 25/57 MP: 6/6
  5700 | D:5      | Reached skill level 10 in Axes
  5996 | D:5      | Reached skill level 11 in Axes
  6522 | D:5      | Reached XP level 8. HP: 57/64 MP: 7/7
  6580 | D:5      | Found a broken altar of Ashenzari.
  6592 | D:5      | Reached skill level 12 in Axes
  7474 | D:5      | Identified the +0 chain mail "Fuibbaimp" {Str+3}
  7555 | D:6      | Noticed a hornet
  7568 | D:6      | Killed a hornet
  7952 | D:6      | Noticed a cyclops
  7960 | D:6      | Reached skill level 13 in Axes
  7966 | D:6      | Killed a cyclops
  7967 | D:6      | Reached skill level 14 in Axes
  8182 | D:6      | Reached XP level 9. HP: 57/70 MP: 8/8
  8721 | D:6      | Found Yssic's Distillery.
  8919 | D:6      | Reached skill level 15 in Axes
  9115 | D:7      | Noticed a troll
  9123 | D:7      | Killed a troll
  9141 | D:7      | HP: 1/70 [vampire mosquito (10)]
  9141 | D:7      | Mangled by a vampire mosquito

Illustrated notes

Levels and vault maps discovered:
D:1:      wander_arrival_lonely_grave, layout_basic,
          ebering_ecumenical_altar_rust
D:2:      layout_basic, minmay_misc_feat_tower, grunt_decor_mini_mirrors
D:3:      layout_basic, mainiacjoe_overflow_divided_tiny
D:4:      layout_loops_ring, grunt_temple_overflow_opulence,
          general_overflow_altar, mainiacjoe_overflow_24_doors, temple_doors_ab
D:5:      layout_basic, mainiacjoe_overflow_paths
D:6:      layout_basic, serial_shops, nicolae_shop_behind_doors,
          minmay_increasing_density
D:7:      layout_basic, nicolae_ossuary_entry_giza, minmay_manual_mess

Skill      XL: |  1  2  3  4  5  6  7  8  9 |
---------------+----------------------------+-----
Axes           | 4 5 7 8 9 11 14 15 | 15.5
Fighting       | |  3.6
Armour         | |  2.4
Dodging        | |  2.1

Action                   |  1- 3 |  4- 6 |  7- 9 || total
-------------------------+-------+-------+-------++-------
Melee: Hand axe          |    59 |   138 |   158 ||   355
       Headbutt          |     5 |    16 |    27 ||    48
       Punch             |       |     3 |     3 ||     6
Invok: Berserk           |     2 |     8 |     8 ||    18
Armor: Animal skin       |     8 |       |       ||     8
       Scale mail        |     8 |    30 |    28 ||    66
       Plate armour      |       |       |    43 ||    43
Dodge: Dodged            |    38 |    50 |    49 ||   137

Table legend: (Time is in decaauts)
 A = Elapsed time spent in this place.
 B = Non-inter-level travel time spent in this place.
 C = Inter-level travel time spent in this place.
 D = Time resting spent in this place.
 E = Time spent auto-exploring this place.
 F = Levels seen in this place.
 G = Mean time per level.
                   A        B        C        D        E       F      G
               +--------+--------+--------+--------+--------+-----+--------+
         Total |   9261 |   8962 |    299 |   3164 |   5055 |   7 | 1323.0 |
       Dungeon |   9261 |   8962 |    299 |   3164 |   5055 |   7 | 1323.0 |
               +--------+--------+--------+--------+--------+-----+--------+

Top non-repeatable levels by time:
     D:5: 2252 daAuts
     D:3: 1872 daAuts
     D:6: 1612 daAuts
     D:4: 1534 daAuts
     D:1: 1433 daAuts
     D:2: 534 daAuts
     D:7: 21 daAuts
